 Dungeon Crawl Stone Soup version 0.27.0-66-gdc8fb28755 (webtiles) character file.

Game seed: 13238021878587222452

1349 robertstho the Ducker (level 8, 0/105 HPs)
             Began as a Purple Draconian Berserker on Aug 20, 2021.
             Was an Elder of Trog.
             Succumbed to a wight's poison
             ... on level 6 of the Dungeon.
             The game lasted 00:08:10 (6390 turns).

robertstho the Ducker (Purple Draconian Berserker)  Turns: 6390, Time: 00:08:10

Health: 0/105      AC:  9    Str: 22    XL:     8   Next: 36%
Magic:  8/8        EV: 13    Int:  8    God:    Trog [****..]
Gold:   151        SH:  0    Dex: 10    Spells: 7/7 levels left

rFire    . . .     SeeInvis .   a - +0 falchion
rCold    . . .     Faith    .   (no shield)
rNeg     . . .     Spirit   .   (armour unavailable)
rPois    .         Reflect  .   (helmet restricted)
rElec    .         Harm     .   (no cloak)
rCorr    .         Rampage  .   k - +1 pair of gloves
Will     +....                  m - +0 pair of boots
Stlth    ..........             (no amulet)
HPRegen  0.27/turn              (no ring)
MPRegen  0.11/turn              (no ring)

@: berserking (expiring), lethally poisoned (0 -> -4), very quick
A: breathe power, AC +6, unfitting armour, cold-blooded
a: Breathe Dispelling Energy, Renounce Religion, Berserk, Trog's Hand, Brothers
in Arms


You were on level 6 of the Dungeon.
You worshipped Trog.
Trog was greatly pleased with you.
You visited 1 branch of the dungeon, and saw 6 of its levels.
You also visited: Sewer.

You collected 229 gold pieces.
You spent 78 gold pieces at shops.

Inventory:

Hand Weapons
 a - a +0 falchion (weapon)
Missiles
 j - 3 throwing nets (quivered)
Armour
 k - a +1 pair of gloves (worn)
 m - a +0 pair of boots (worn)
Wands
 g - a wand of mindburst (11)
Scrolls
 d - a scroll of enchant armour
 h - 2 scrolls of fog {unknown}
 o - a scroll of torment {unknown}
 r - a scroll of enchant weapon
Potions
 b - a potion of flight
 e - 2 potions of might
 f - a potion of haste {unknown}
 i - a potion of degeneration
 l - a potion of heal wounds
 n - 2 potions of ambrosia {unknown}
 p - a potion of cancellation {unknown}
 q - a potion of resistance {unknown}
 t - a potion of curing


   Skills:
 * Level 6.1 Fighting
 + Level 5.8 Long Blades
 * Level 6.2 Dodging
 * Level 4.0 Stealth
 + Level 0.6 Evocations


You had 7 spell levels left.
You didn't know any spells.
Your spell library was empty.

Dungeon Overview and Level Annotations

Branches:
Dungeon (6/15)             Temple (0/1) D:4           Sewer (visited)

Altars:

Shops:
D:4 !

Annotations:
D:3 1 runed translucent door, hawla's ghost, amateur DENe


Innate Abilities, Weirdness & Mutations

You can breathe bolts of dispelling energy.
Your rich purple scales are hard. (AC +6)
You cannot fit into any form of body armour.
You are cold-blooded and may be slowed by cold attacks.


Message History

The orc hits you from afar with a +0 trident!
* * * LOW HITPOINT WARNING * * *
The wight closely misses you.
Unknown command.
You hit the wight.
You destroy the wight!
Trog accepts your kill.
You feel sick. The wight hits you with a +1 trident.
* * * LOW HITPOINT WARNING * * *
You feel drained.
* * * LOW HITPOINT WARNING * * *
The scorpion stings you but does no damage.
Your Stealth skill increases to level 4!
You barely miss the wight.
You feel sick.
The orc hits you from afar with a +0 trident.
* * * LOW HITPOINT WARNING * * *
The wight completely misses you. The wight misses you.
You riposte.
You closely miss the wight. You tail-slap the wight!
The wight is severely damaged.
You hit the wight.
You destroy the wight!
Trog accepts your kill.
You feel sick. The scorpion stings you.
* * * LOW HITPOINT WARNING * * *
The orc hits you but does no damage.
Your life force feels restored.
You closely miss the scorpion.
Your tail-slap misses the scorpion.
* * * LOW HITPOINT WARNING * * *
You feel sick. The scorpion barely misses you.
The wight hits you but does no damage. The orc hits you but does no damage. x2
Unknown command.
You hit the scorpion. You tail-slap the scorpion.
The scorpion is moderately wounded.
The scorpion stings you.
* * * LOW HITPOINT WARNING * * *
The orc closely misses you. The wight hits you but does no damage.
Unknown command.
You barely miss the scorpion.
The scorpion is moderately wounded.
You die...

#....#....#..##
...##.....##..##
.#
##......##..###
#.......####..##
#........#
##..#####
#.......##
##..#...
#.z.o...#
##...##
#.zso..## ##.###
##†@).## ###..#
#)..## ###....##
##.## ##.......#
### ##.......##
##.......##
##........#
##........##
#........##
##.......##


You could see a scorpion, 2 wights and 2 orcs.

Vanquished Creatures
  Purgy (Sewer)
  2 ogres (D:5)
  2 phantoms (D:5)
  3 scorpions
  A water moccasin skeleton (D:5)
  3 wights (D:6)
  2 hounds
  3 orc priests (D:5)
  A centaur skeleton (D:5)
  An iguana (D:4)
  4 orc wizards
  2 scorpion zombies (D:5)
  A hound skeleton (D:4)
  10 adders
  6 dart slugs
  29 orcs
  7 ball pythons
  2 bats
  6 endoplasms (D:1)
  6 giant cockroaches
  6 goblins
  4 hobgoblins
  3 jackals (D:2)
  6 kobolds
  7 quokkas
  7 frilled lizards
  6 rats
131 creatures vanquished.

Notes
Turn   | Place    | Note
-------+----------+-------------------------------------------
     0 | D:1      | robertstho the Draconian Berserker began the quest for the
                  | Orb.
     0 | D:1      | Reached XP level 1. HP: 19/19 MP: 1/1
   567 | D:1      | Reached XP level 2. HP: 16/26 MP: 2/2
  1102 | D:1      | Reached ** piety under Trog
  1329 | D:2      | Reached XP level 3. HP: 27/33 MP: 3/3
  1717 | D:2      | Reached skill level 1 in Stealth
  1831 | D:2      | Found a faded altar of an unknown god.
  2066 | D:3      | Found a runed translucent door.
  2067 | D:3      | Noticed hawla's ghost (amateur DENe)
  2443 | D:3      | Reached XP level 4. HP: 27/40 MP: 4/4
  3184 | D:4      | Reached XP level 5. HP: 7/46 MP: 5/5
  3249 | D:4      | Found a staircase to the Ecumenical Temple.
  3275 | D:4      | Found Eppom's Distillery.
  3295 | D:4      | Reached *** piety under Trog
  3321 | D:4      | Found a glowing drain.
  3346 | Sewer    | Entered a sewer
  3514 | Sewer    | Noticed Purgy
  3538 | Sewer    | Killed Purgy
  3539 | Sewer    | Reached XP level 6. HP: 17/53 MP: 6/6
  3900 | D:4      | Bought a potion of degeneration for 13 gold pieces
  3900 | D:4      | Bought a potion of heal wounds for 65 gold pieces
  4558 | D:5      | Entered Level 5 of the Dungeon
  4820 | D:5      | Reached **** piety under Trog
  4829 | D:5      | Your scales start taking on a rich purple colour.
  4829 | D:5      | Reached XP level 7. HP: 60/60 MP: 7/7
  4858 | D:5      | Reached skill level 5 in Fighting
  4858 | D:5      | Reached skill level 5 in Dodging
  5187 | D:5      | Reached skill level 5 in Long Blades
  5607 | D:5      | Reached XP level 8. HP: 57/69 MP: 8/8
  6387 | D:6      | HP: 5/103 [scorpion (5)]
  6389 | D:6      | HP: 1/105 [scorpion (3)]
  6390 | D:6      | Succumbed to a wight's poison

Illustrated notes

Levels and vault maps discovered:
D:1:      dpeg_arrival_more_subterranean_lakeside_camping, layout_basic
D:2:      layout_rooms, hellmonk_ecumenical_altar_pennies_from_heaven
D:3:      layout_basic, gammafunk_ghost_grave, minmay_strange_pillars,
          grunt_ministairs_10
D:4:      layout_loops_ring, minmay_temple_entry_ruins, serial_shops, shop,
          portal_sewer_entry_f, grunt_ministairs_2
D:5:      layout_loops_cross, dk_noncrumbling_2, chequers_serial_rivers_small_a,
          eino_tiny_chamber, st_stairs_1, grunt_ministairs_2,
          grunt_decor_junction, minmay_statues_item, hangedman_decor_slide_cut
D:6:      layout_cave_pods

Skill      XL: |  1  2  3  4  5  6  7  8 |
---------------+-------------------------+-----
Dodging        | 3 4 5 6 |  6.2
Fighting       | 4 5 6 |  6.1
Stealth        | 1 2 3 4 |  4.0
Long Blades    | 4 5 |  5.8
Evocations     | |  0.6

Action                   |  1- 3 |  4- 6 |  7- 9 || total
-------------------------+-------+-------+-------++-------
Melee: Falchion          |   112 |   223 |   129 ||   464
       Tailslap          |     7 |    16 |    31 ||    54
Invok: Berserk           |     4 |     6 |     3 ||    13
       Trog's Hand       |       |     1 |     3 ||     4
 Abil: Breathe Dispellin |       |       |     1 ||     1
Evoke: Wand              |       |       |     4 ||     4
  Use: Scroll            |     3 |     4 |     3 ||    10
       Potion            |       |     6 |       ||     6
 Stab: Sleeping          |     2 |    11 |       ||    13
Armor: Skin              |    26 |   103 |    52 ||   181
Dodge: Dodged            |    72 |   182 |    97 ||   351
       Rpst.: Falchion   |    16 |    44 |    23 ||    83
